 Dungeon Crawl Stone Soup version 0.18-a0-1426-g3b9a63c (webtiles) character file.

182 Kilingo the Cudgeler (level 5, 0/55 HPs)
             Began as an Ogre Berserker on Feb 28, 2016.
             Was a Believer of Trog.
             Slain by an orc
             ... wielding a +1 flail of holy wrath
              (5 damage)
             ... on level 4 of the Dungeon.
             The game lasted 00:17:19 (3203 turns).

Kilingo the Cudgeler (Ogre Berserker)               Turns: 3203, Time: 00:17:19

Health: 0/55       AC:  5    Str: 22    XL:     5   Next: 61%
Magic:  5/5        EV:  8    Int:  6    God:    Trog [**....]
Gold:   36         SH:  0    Dex: 10    Spells: 0 memorised, 4 levels left

rFire  + + .     SeeInvis .     a - +0 mace
rCold  x . .     Gourm    .     h - fire dragon hide
rNeg   . . .     Faith    .     (no shield)
rPois  .         Spirit   .     (helmet restricted)
rElec  .         Dismiss  .     (no cloak)
rCorr  .         Reflect  .     (gloves unavailable)
SustAt .         Harm     .     (boots unavailable)
MR     .....                    (no amulet)
Stlth  ..........               (no ring)
                                (no ring)

@: lethally poisoned (0 -> 0), not resistant to hostile enchantments, extremely
unstealthy
A: unfitting armour, tough skin 1
a: Berserk, Trog's Hand, Burn Spellbooks, Renounce Religion


You were on level 4 of the Dungeon.
You worshipped Trog.
Trog was pleased with you.
You were not hungry.

You visited 1 branch of the dungeon, and saw 4 of its levels.

You collected 36 gold pieces.

Inventory:

Hand Weapons
 a - a +0 mace (weapon)
Missiles
 d - 149 stones (quivered)
 k - 15 poisoned needles
 o - 5 tomahawks
 q - 7 curare-tipped needles
Armour
 h - a fire dragon hide (worn)
Scrolls
 b - a scroll of random uselessness {unknown}
 e - a scroll of immolation {unknown}
 f - a scroll of blinking {unknown}
 m - 3 scrolls of remove curse
 n - 3 scrolls of teleportation
 s - a scroll of recharging {unknown}
Potions
 g - 2 potions of curing {unknown}
 i - a potion of degeneration {unknown}
 j - a potion of brilliance {unknown}
 p - a potion of ambrosia {unknown}
 r - a potion of cure mutation
Comestibles
 c - a bread ration
 l - a royal jelly


   Skills:
 + Level 4.9 Fighting
 + Level 4.9 Maces & Flails
 + Level 2.3 Throwing
 + Level 1.2 Armour
 + Level 3.6 Dodging
 + Level 0.3 Stealth


You had 4 spell levels left.
You didn't know any spells.

Dungeon Overview and Level Annotations

Branches:
Dungeon (4/15)
 Temple: D:4-7

Altars:


Innate Abilities, Weirdness & Mutations

You are too large for most types of armour.
You have tough skin (AC +1).


Message History

Press: ? - help, Shift-Dir - straight line, f/p - orc
Aim: an orc, wielding a flail of holy wrath (heavily wounded)
You throw a stone. The stone hits the orc.
The orc is severely wounded.
Throwing (i - inventory. (,) - cycle):
d - 150 stones (quivered)
Press: ? - help, Shift-Dir - straight line, f/p - orc
Aim: an orc, wielding a flail of holy wrath (severely wounded)
You throw a stone. The stone closely misses the orc.
You feel sick.
You hit the orc but do no damage.
The orc is severely wounded.
The orc hits you with a flail of holy wrath.
* * * LOW HITPOINT WARNING * * *
You hit the orc but do no damage.
The orc is severely wounded.
The orc hits you with a flail of holy wrath.
* * * LOW HITPOINT WARNING * * *
Drink which item? (? for menu, Esc to quit)
It was a potion of cure mutation.
It has a very clean taste.
You feel sick.
The orc hits you with a flail of holy wrath.
You die...

###.#
##..##...#
#.#
##....#
#.# #...##
###
##...##
#.....# #
###.###.#
#. ##..##
#..#
#..#..##
##...
#...@.#
...#
#..>.o#
####
#..####.#
#. .(. #
#(.. ..(#
##.# ##


You could see an orc.

Vanquished Creatures
  A scorpion (D:4)
  4 gnolls (D:2)
  2 adders (D:2)
  An ooze (D:3)
  A worm (D:2)
  3 dart slugs
  4 orcs (D:3)
  A ball python (D:3)
  2 giant cockroaches
  7 goblins
  9 hobgoblins
  5 jackals
  A quokka (D:2)
  4 bats
  4 giant newts
  2 kobolds
  5 rats
56 creatures vanquished.

Notes
Turn   | Place    | Note
--------------------------------------------------------------
     0 | D:1      | Kilingo the Ogre Berserker began the quest for the Orb.
     0 | D:1      | Reached XP level 1. HP: 24/24 MP: 1/1
   441 | D:1      | Reached XP level 2. HP: 33/33 MP: 2/2
  1289 | D:2      | Reached XP level 3. HP: 27/40 MP: 3/3
  1489 | D:2      | Reached ** piety under Trog
  1489 | D:2      | Reached skill level 1 in Throwing
  1589 | D:2      | Reached XP level 4. HP: 44/49 MP: 4/4
  1603 | D:2      | Reached skill level 1 in Armour
  2410 | D:3      | Reached XP level 5. HP: 38/55 MP: 5/5
  3203 | D:4      | Slain by an orc

Vault maps used:
D:1:      matt_arrival_diagonals, feat_on_display

Skill      XL: |  1  2  3  4  5 |
---------------+----------------+-----
Dodging        | 3 |  3.6
Throwing       | 1 2 |  2.3
Armour         | 1 |  1.2
Fighting       | |  4.9
Maces & Flails | |  4.9
Stealth        | |  0.3

Action                   |  1- 3 |  4- 6 || total
-------------------------+-------+-------++-------
Melee: Mace              |    73 |    74 ||   147
Throw: Stone             |    34 |    66 ||   100
  Use: Scroll            |     1 |     1 ||     2
       Potion            |       |     1 ||     1
  Eat: Chunk             |     2 |     5 ||     7
